Map: Ruinen von Endion

Players

Heimdall

  • Race: Zerg Zerg
  • League: Gold

BeAddicted - Winner!

  • Race: Protoss Protoss
  • League: Gold

VOD

Have the link to the VOD?

Description

Time

  • Played on: April 12, 2016, 3:41 a.m.
  • Length: 16:20
Show
View Real Time Build Order
Export as new Build Order

Heimdall Zerg 

Build Orders: Pool First 

Get SALT Encoding   

  12  0:01  Drone  
  13  0:08  Drone  
  14  0:17  Extractor, Drone  
  14  0:35  Spawning Pool  
  13  0:36  Drone  
  13  0:39  Extractor  
  13  0:44  Drone  
  15  0:53  Overlord  
  15  1:03  Overlord  
  15  1:23  Queen  
  15  1:24  Zergling x2  
  18  1:36  Zergling x6  
  21  1:42  Metabolic Boost  
  21  1:56  Drone  
  22  2:21  Hatchery  
  21  2:31  Drone x3  
  23  2:46  Queen  
  25  3:07  Roach Warren, Drone x3  
  26  3:31  Drone  
  26  3:32  Drone  
  26  3:33  Overlord  
  29  3:48  Roach x3  
  29  3:49  Roach  
  29  3:52  Roach  
  37  4:02  Drone x3  
  40  4:10  Lair  
  38  4:35  Spore Crawler  
  38  4:38  Spore Crawler  
  36  4:39  Spore Crawler  
  36  4:42  Spore Crawler  
  34  5:00  Hatchery  
  34  5:03  Drone x7  
  40  5:08  Hydralisk Den  
  39  5:29  Overlord x3  
  39  5:37  Spore Crawler  
  38  5:44  Extractor  
  38  5:48  Drone x7  
  44  5:53  Ravager x2  
  41  6:15  Hydralisk  
  40  6:20  Zergling x2  
  40  6:21  Extractor, Zergling x20  
  50  6:28  Queen  
  52  6:37  Hydralisk  
  52  6:55  Hydralisk  
  48  7:02  Drone, Zergling x12  
  48  7:03  Zergling x2  
  48  7:17  Spore Crawler  
  48  7:19  Hydralisk  
  46  7:22  Drone x3  
  46  7:32  Zergling x4  
  41  7:49  Drone x2  
  41  7:50  Drone  
  44  7:51  Hydralisk  
  44  7:52  Hydralisk  
  48  8:06  Extractor  
  45  8:17  Spore Crawler, Overlord x4  
  43  8:31  Overlord  
  43  8:35  Hydralisk, Queen  
  43  8:36  Hydralisk x4  
  55  8:47  Hydralisk  
  55  8:56  Queen  
  55  9:00  Drone x2  
  59  9:11  Muscular Augments  
  59  9:13  Drone  
  59  9:16  Drone  
  61  9:20  Drone  
  61  9:23  Drone  
  63  9:25  Drone  
  63  9:28  Drone  
  63  9:30  Drone  
  66  9:34  Drone  
  67  9:45  Drone x2  
  67  9:46  Evolution Chamber, Drone  
  67  9:50  Overseer  
  69  9:58  Hydralisk x2  
  73  10:01  Overlord  
  73  10:11  Hydralisk x2  
  73  10:13  Hydralisk  
  78  10:23  Glial Reconstitution  
  78  10:27  Roach x3  
  85  10:36  Ravager  
  85  10:38  Roach x2  
  85  10:40  Overlord  
  85  10:41  Overlord  
  89  10:58  Queen  
  89  11:01  Pneumatized Carapace  
  89  11:03  Zerg Missile Weapons Level 1  
  91  11:06  Roach x4  
  91  11:08  Roach  
  101  11:19  Drone x4  
  101  11:20  Overlord  
  105  11:26  Overlord  
  105  11:27  Overlord  
  104  11:58  Roach x8  
  104  11:59  Roach x3  
  126  12:06  Drone  
  127  12:18  Hydralisk  
  127  12:19  Overlord  
  127  12:20  Overlord  
  129  12:25  Evolution Chamber  
  129  12:29  Drone x2  
  130  12:38  Roach x7  
  144  12:51  Roach  
  144  12:52  Overlord x2  
  144  12:53  Overlord x2  
  146  13:03  Overlord  
  146  13:04  Overlord x2  
  146  13:08  Overseer  
  146  13:12  Hydralisk x2  
  146  13:16  Zerg Ground Armor Level 1  
  146  13:18  Drone  
  146  13:19  Drone  
  152  13:29  Zerg Missile Weapons Level 2  
  126  13:46  Roach x9  
  126  13:47  Roach  
  100  14:08  Hydralisk  
  100  14:09  Hydralisk x6  
  114  14:17  Infestation Pit, Drone x2  
  114  14:18  Drone x2  
  114  14:22  Extractor  
  114  14:30  Ravager  
  75  14:54  Roach x4  
  75  14:55  Roach x4, Zergling x6  
Show
View Real Time Build Order
Export as new Build Order

BeAddicted Protoss - Winner!

Build Orders:  

Get SALT Encoding   

  12  0:01  Probe (Chrono Boost)  
  13  0:11  Probe (Chrono Boost)  
  14  0:18  Pylon  
  14  0:22  Probe (Chrono Boost)  
  15  0:36  Probe (Chrono Boost)  
  15  0:40  Gateway  
  16  0:45  Assimilator  
  16  0:48  Probe (Chrono Boost)  
  17  0:58  Probe (Chrono Boost)  
  18  1:06  Gateway  
  18  1:09  Probe (Chrono Boost)  
  19  1:13  Assimilator  
  19  1:20  Probe (Chrono Boost)  
  20  1:30  Cybernetics Core  
  20  1:33  Probe (Chrono Boost)  
  21  1:42  Pylon  
  21  1:52  Probe (Chrono Boost)  
  21  2:03  Probe (Chrono Boost)  
  21  2:07  Adept x2  
  26  2:09  Warp Gate  
  27  2:27  Mothership Core (Chrono Boost)  
  28  2:47  Nexus  
  29  2:51  Probe (Chrono Boost)  
  29  3:01  Pylon  
  27  3:19  Adept  
  27  3:23  Stargate  
  27  3:25  Stargate  
  27  3:30  Probe (Chrono Boost)  
  28  3:41  Probe (Chrono Boost)  
  29  4:03  Pylon, Probe (Chrono Boost)  
  29  4:04  Probe (Chrono Boost)  
  31  4:11  Phoenix x2  
  31  4:14  Probe (Chrono Boost)  
  36  4:17  Probe (Chrono Boost)  
  36  4:22  Pylon  
  37  4:25  Probe (Chrono Boost)  
  37  4:30  Adept x2  
  42  4:40  Phoenix  
  42  4:45  Phoenix  
  46  4:48  Probe (Chrono Boost)  
  46  4:50  Probe (Chrono Boost)  
  48  4:57  Pylon  
  48  4:59  Probe (Chrono Boost)  
  49  5:10  Phoenix  
  49  5:11  Phoenix  
  53  5:21  Probe x2 (Chrono Boost)  
  55  5:31  Probe x2 (Chrono Boost)  
  55  5:34  Gateway  
  57  5:37  Phoenix  
  57  5:38  Phoenix  
  57  5:41  Assimilator  
  61  5:47  Assimilator  
  61  5:48  Probe x2 (Chrono Boost)  
  63  6:16  Stalker x2  
  67  6:27  Probe x2 (Chrono Boost)  
  67  6:29  Robotics Facility  
  69  6:45  Nexus  
  69  6:46  Pylon  
  69  6:47  Pylon  
  69  6:55  Adept x3  
  69  7:23  Adept x3  
  69  7:24  Probe (Chrono Boost)  
  69  7:25  Probe (Chrono Boost)  
  77  7:32  Robotics Facility  
  77  7:34  Forge  
  77  7:35  Probe x2 (Chrono Boost)  
  79  7:38  Forge  
  79  7:41  Twilight Council  
  79  7:48  Probe x2 (Chrono Boost)  
  81  7:53  Assimilator  
  81  7:55  Immortal  
  81  7:57  Assimilator  
  85  7:58  Probe (Chrono Boost)  
  85  7:59  Probe (Chrono Boost)  
  87  8:09  Probe (Chrono Boost)  
  88  8:25  Stalker x3  
  94  8:31  Probe (Chrono Boost)  
  94  8:32  Probe (Chrono Boost)  
  96  8:34  Observer  
  96  8:37  Photon Cannon  
  96  8:39  Photon Cannon  
  97  8:41  Photon Cannon  
  97  8:42  Probe x2 (Chrono Boost)  
  97  8:44  Photon Cannon  
  93  8:56  Observer  
  93  9:00  Immortal  
  93  9:01  Protoss Ground Armor Level 1 (Chrono Boost), Protoss Ground Weapons Level 1 (Chrono Boost)  
  98  9:05  Robotics Bay  
  98  9:24  Stalker x3  
  98  9:27  Immortal  
  108  9:32  Charge  
  108  9:53  Nexus  
  108  9:56  Pylon  
  108  9:59  Pylon  
  108  10:14  Immortal  
  111  10:21  Extended Thermal Lance  
  111  10:23  Colossus  
  117  10:29  Zealot  
  117  10:30  Zealot x2  
  123  10:38  Probe  
  123  10:39  Probe  
  125  10:43  Gateway  
  125  10:45  Gateway  
  125  10:48  Gateway  
  125  10:50  Gateway  
  125  10:59  Protoss Ground Weapons Level 2 (Chrono Boost)  
  125  11:02  Protoss Ground Armor Level 2 (Chrono Boost)  
  125  11:03  Probe  
  125  11:04  Colossus, Probe  
  133  11:16  Colossus  
  137  11:18  Zealot  
  139  11:26  Pylon  
  139  11:28  Pylon  
  139  11:29  Pylon  
  139  11:31  Pylon  
  139  11:33  Probe  
  138  11:47  Zealot x2  
  138  11:48  Zealot x5  
  152  12:05  Pylon  
  152  12:09  Colossus  
  152  12:10  Colossus  
  152  12:11  Probe  
  152  12:12  Probe x2  
  152  12:14  Probe  
  168  12:19  Pylon  
  168  12:21  Probe  
  168  12:22  Pylon  
  168  12:24  Probe  
  168  12:25  Stalker x3  
  168  12:26  Stalker x2  
  180  12:32  Observer Gravitic Boosters  
  180  12:36  Resonating Glaives  
  180  13:03  Probe  
  180  13:04  Probe  
  180  13:05  Probe  
  183  13:08  Assimilator  
  183  13:13  Colossus, Assimilator  
  183  13:14  Colossus  
  183  13:16  Protoss Ground Armor Level 3 (Chrono Boost), Protoss Ground Weapons Level 3 (Chrono Boost)  
  195  13:22  Gateway  
  195  13:24  Gateway  
  195  13:26  Gateway  
  195  13:32  Stargate  
  145  13:52  Zealot x5  
  145  13:53  Zealot  
  147  14:35  Nexus  
  145  14:45  Zealot x5  
  147  14:46  Zealot  
  147  14:52  Stalker  
Tags
 
Add a new tag
Caveats
  • Supply blocks, unpowered buildings, or Contaminate may cause inaccurate times.
  • Supply counts are checked every 10 seconds.